 Dungeon Crawl Stone Soup version 0.28-a0-1130-gc51a68064b (webtiles) character file.

Game seed: 3175086609911877205

998 yoda5477 the Skirmisher (level 8, 61/61 HPs)
             Began as a Demonspawn Transmuter on Dec 11, 2021.
             Quit the game on level 6 of the Dungeon on Dec 12, 2021.
             The game lasted 00:39:22 (5894 turns).

yoda5477 the Skirmisher (Demonspawn Transmuter)     Turns: 5894, Time: 00:39:23

Health: 61/61      AC:  6    Str: 17    XL:     8   Next: 0%
Magic:  19/20      EV: 13    Int: 14    God:
Gold:   266        SH:  6    Dex: 20    Spells: 8/11 levels left

rFire   . . .      SeeInvis .   s - +4 rapier of Mibeloun {elec, MP+9 Str+4}
rCold   . . .      Faith    .   g - +0 buckler
rNeg    . . .      Spirit   .   q - +3 leather armour {rPois}
rPois   +          Reflect  .   (helmet currently unavailable)
rElec   +          Harm     .   (no cloak)
rCorr   .          Rampage  .   (no gloves)
Will    +....                   (boots currently unavailable)
Stlth   ++........              (no amulet)
HPRegen 0.20/turn               c - +6 ring of dexterity
MPRegen 0.34/turn               k - ring of Nedaapaa {rElec Will+ Slay+4}

@: appendages
A: talons 2, horns 1, spiny 2, magic regeneration
a: End Transformation


You were on level 6 of the Dungeon.
You had temporarily grown beastly talons.
You visited 2 branches of the dungeon, and saw 8 of its levels.

You collected 266 gold pieces.

Inventory:

Hand Weapons
 e - a +0 club
 f - a +3 dagger of electrocution
 m - a +0 dagger of draining
 s - the +4 rapier of Mibeloun (weapon) {elec, MP+9 Str+4}
   (You found it on level 4 of the Dungeon)

   It occasionally discharges a powerful burst of electricity upon striking a
   foe.
   Str:       It affects your strength (+4).
   MP:        It affects your magic capacity (+9).
 v - a +0 war axe
Missiles
 d - 54 sling bullets
 j - 18 arrows
 l - 122 stones
 n - 11 poisoned darts (quivered)
 t - 23 bolts
Armour
 a - a +0 robe
 g - a +0 buckler (worn)
 q - a +3 leather armour of poison resistance (worn)
 x - a +0 helmet
Jewellery
 c - a +6 ring of dexterity (left hand)
 k - the ring of Nedaapaa (right hand) {rElec Will+ Slay+4}
   (You acquired it on level 4 of the Dungeon)

   [ring of willpower]

   Slay:      It affects your accuracy & damage with ranged weapons and melee
   (+4).
   rElec:     It insulates you from electricity.
   Will:      It increases your willpower.
 p - a +6 ring of dexterity
 u - a +6 ring of intelligence
Wands
 w - a wand of charming (7)
Scrolls
 h - a scroll of identify
Potions
 b - 2 potions of might
 i - 2 potions of heal wounds
 o - a potion of mutation
 r - a potion of berserk rage
 z - 2 potions of curing
 A - a potion of invisibility


   Skills:
 + Level 4.9 Fighting
 - Level 0.7 Short Blades
 - Level 2.0 Armour
 + Level 3.9 Dodging
 - Level 2.0 Stealth
 * Level 3.4 Shields
 - Level 2.6 Unarmed Combat
 - Level 2.0 Spellcasting
 + Level 3.9 Transmutations


You had 8 spell levels left.
You knew the following spells:

 Your Spells              Type           Power      Damage    Failure   Level
a - Beastly Appendage     Tmut           24%        N/A       6%          1
b - Wereblood             Tmut           12%        N/A       9%          2

Your spell library contained the following spells:

 Spells                   Type           Power      Damage    Failure   Level
 Passwall                 Tmut/Erth      5%         N/A       21%         2
 Spider Form              Tmut/Pois      6%         N/A       38%         3
 Corpse Rot               Necr/Air       2%         N/A       41%         2
 Swiftness                Air            1%         N/A       65%         3
 Ice Form                 Ice/Tmut       6%         N/A       80%         4
 Dispel Undead            Necr           1%         3d6       96%         4
 Death Channel            Necr           0%         N/A       100%        6
 Chain Lightning          Conj/Air       0%         2d1       100%        9
 Fire Storm               Conj/Fire      0%         6d1       100%        9
 Shatter                  Erth           0%         3d5*      100%        9


Dungeon Overview and Level Annotations

Branches:
Dungeon (7/15)             Temple (1/1) D:7

Altars:
Ashenzari
Cheibriados
Dithmenos
Elyvilon
Fedhas
Gozag
Hepliaklqana
Kikubaaqudgha
Makhleb
Nemelex Xobeh
Okawaru
Qazlal
Ru
Sif Muna
Trog
Uskayaw
Vehumet
Xom
Yredelemnul
Zin
The Shining One

Shops:
D:4 *

Annotations:
D:3 exclusion: kobold, Jessica, Natasha
D:5 exclusions: ogre and water moccasin
D:6 exclusions: 2 gnolls and 1 more exclusion


Innate Abilities, Weirdness & Mutations

You have temporarily grown beastly talons.
You have a pair of small horns on your head.
You are mostly covered in sharp spines.
You regenerate magic rapidly.


Message History

A phantom comes into view.
Casting: Beastly Appendage (safe; 7% risk of failure)
Confirm with . or Enter, or press ? or * to list all spells.
You grow a pair of large bovine horns.
Your feet morph into talons.
Your +0 helmet melds into your body.
You miss the phantom. Your kick misses the phantom. You headbutt the phantom.
The phantom is lightly damaged.
The phantom closely misses you.
You puncture the phantom! Your kick misses the phantom.
Your headbutt misses the phantom.
The phantom is heavily damaged.
The phantom misses you.
You hit the phantom. You headbutt the phantom!
You destroy the phantom!
A bullfrog zombie comes into view.
You puncture the bullfrog zombie! Your kick misses the bullfrog zombie.
The bullfrog zombie is moderately damaged.
The bullfrog zombie is struck by your spines.
The bullfrog zombie completely misses you.
You completely miss the bullfrog zombie.
You claw the bullfrog zombie!
The bullfrog zombie is severely damaged.
You block the bullfrog zombie's attack. The bullfrog zombie misses you.
You puncture the bullfrog zombie! You headbutt the bullfrog zombie.
You destroy the bullfrog zombie!
You have reached level 8!
You feel stronger.
Your demonic ancestry asserts itself...
Your mutations feel more permanent.
You start waiting.
Your transformation is almost over.
You start waiting.
Your horns shrink.
Your talons disappear.
Your +0 helmet is pushed off your body!
Casting: Beastly Appendage (safe; 6% risk of failure)
Confirm with . or Enter, or press ? or * to list all spells.
Your feet morph into talons.
Level annotation: exclusions: 2 gnolls and 1 more exclusion Welcome back, yoda5477 the Demonspawn Transmuter.
Press ? for a list of commands and other information.
Are you sure you want to abandon this character and quit the game? (Confirm with "yes".)

#.# #.# ... ... #.####
#...##.. .. #.##.#
#...##..####.. #.##.#
#....#..#.. . #.##.#
#...........# #
#.##.###.........#.##.#
#..............?......#
#.##.###.##.#..#@#.##...
#.##....)...............
#.##.###.#..#.#..#.####.
#.##.###.#..#....#.#
#.##........#....# #
#.##.###.#..##...#
#.##.# #.#..##...# # #.#
#.#..##...#.#.. #.#
#.#.............


There were no monsters in sight!

Vanquished Creatures
  3 black bears
  A necrophage (D:6)
  A phantom (D:6)
  A water moccasin zombie (D:3)
  A centaur zombie (D:5)
  A bullfrog zombie (D:6)
  A hound (D:4)
  2 bullfrog skeletons (D:5)
  A gnoll shaman (D:5)
  An iguana (D:3)
  2 orc wizards
  A hound skeleton (D:5)
  7 gnolls
  9 adders
  A howler monkey skeleton (D:5)
  2 dart slugs (D:1)
  9 orcs
  7 ball pythons
  7 endoplasms
  A giant cockroach (D:1)
  5 goblins
  7 hobgoblins
  4 jackals (D:1)
  3 quokkas
  5 bats
  3 frilled lizards
  11 kobolds
  3 rats (D:1)
100 creatures vanquished.

Notes
Turn   | Place    | Note
-------+----------+-------------------------------------------
     0 | D:1      | yoda5477 the Demonspawn Transmuter began the quest for the
                  | Orb.
     0 | D:1      | Reached XP level 1. HP: 15/15 MP: 3/3
   404 | D:1      | Gained mutation: You regenerate magic rapidly. [demonic
                  | ancestry]
   404 | D:1      | Reached XP level 2. HP: 21/21 MP: 3/5
   591 | D:1      | Reached skill level 1 in Stealth
   779 | D:1      | Learned a level 2 spell: Wereblood
   988 | D:1      | Reached XP level 3. HP: 27/27 MP: 6/6
  1593 | D:2      | Reached skill level 2 in Fighting
  2158 | D:2      | Reached XP level 4. HP: 24/34 MP: 5/7
  2428 | D:3      | Found a faded altar of an unknown god.
  2640 | D:4      | Noticed a black bear
  2736 | D:3      | Noticed Natasha
  2761 | D:3      | Noticed Jessica
  2910 | D:3      | Gained mutation: You are partially covered in sharp spines.
                  | [demonic ancestry]
  2910 | D:3      | Reached XP level 5. HP: 37/40 MP: 8/8
  3160 | D:3      | Reached skill level 3 in Fighting
  3584 | D:4      | Reached skill level 1 in Armour
  3606 | D:4      | Identified a scroll of acquirement
  3606 | D:4      | Acquired the ring of Nedaapaa {rElec Will+ Slay+4}
  3995 | D:4      | Identified the +4 rapier of Mibeloun {elec, MP+9 Str+4}
  4061 | D:4      | Found Juyrauno's Assorted Antiques.
  4132 | D:4      | Reached XP level 6. HP: 42/47 MP: 9/9
  4355 | D:4      | Reached skill level 4 in Fighting
  4558 | D:5      | Entered Level 5 of the Dungeon
  4656 | D:5      | Reached skill level 1 in Shields
  4685 | D:5      | Noticed a water moccasin
  4817 | D:5      | Gained mutation: You are mostly covered in sharp spines.
                  | [demonic ancestry]
  4817 | D:5      | Reached XP level 7. HP: 51/54 MP: 10/10
  5425 | D:7      | Found a staircase to the Ecumenical Temple.
  5430 | Temple   | Entered the Ecumenical Temple
  5883 | D:6      | Mutation became permanent: You have a pair of small horns
                  | on your head. [demonic ancestry]
  5883 | D:6      | Gained mutation: You have a pair of horns on your head.
                  | [demonic ancestry]
  5883 | D:6      | Reached XP level 8. HP: 61/61 MP: 11/11
  5894 | D:6      | Upgraded the game from 0.28-a0-1117-g0bdd5ba030 to
                  | 0.28-a0-1130-gc51a68064b
  5894 | D:6      | Quit the game

Illustrated notes

Levels and vault maps discovered:
D:1:      doesnt_arrival_eight_statues, layout_loops_corners
D:2:      layout_basic
D:3:      layout_loops_ring, basic_ecumenical_altar, kennysheep_generic_room_15,
          uniq_natasha, uniq_jessica
D:4:      layout_cave_pools, serial_shops, nicolae_take_the_stairs
D:5:      layout_loops_ring, nicolae_figureground_pulse
D:6:      layout_basic
D:7:      layout_rooms, nzn_wu_jian_council_hall,
          minmay_temple_entry_drinking_statues, minmay_misc_feat_roman,
          kennysheep_generic_room_10
Temple:   mainiacjoe_temple_circle_huts

Skill      XL: |  1  2  3  4  5  6  7 |
---------------+----------------------+-----
Dodging        | 2 3 |  3.9
Stealth        | 1 2 |  2.0
Transmutations | 2 3 |  3.9
Fighting       | 2 3 4 |  4.9
Armour         | 1 2 |  2.0
Shields        | 1 3 |  3.4
Short Blades   | |  0.7
Unarmed Combat | |  2.6
Spellcasting   | |  2.0

Action                   |  1- 3 |  4- 6 |  7- 9 || total
-------------------------+-------+-------+-------++-------
Melee: Unarmed           |    21 |       |       ||    21
       Kick              |    23 |    21 |     7 ||    51
       Headbutt          |    14 |    11 |     7 ||    32
       Dagger            |    61 |    51 |       ||   112
       Rapier            |       |    19 |    49 ||    68
Throw: Stone             |       |    13 |       ||    13
       Dart              |       |    16 |     8 ||    24
 Cast: Beastly Appendage |    33 |    31 |    13 ||    77
       Wereblood         |       |     1 |       ||     1
  Use: Scroll            |       |     9 |     2 ||    11
 Stab: Sleeping          |     3 |     1 |     2 ||     6
Armor: Robe              |     8 |     1 |       ||     9
       Leather armour    |       |    21 |     7 ||    28
Dodge: Dodged            |    41 |    36 |    15 ||    92
Block: Buckler           |    13 |    10 |     6 ||    29

Table legend: (Time is in decaauts)
 A = Elapsed time spent in this place.
 B = Non-inter-level travel time spent in this place.
 C = Inter-level travel time spent in this place.
 D = Time resting spent in this place.
 E = Time spent auto-exploring this place.
 F = Levels seen in this place.
 G = Mean time per level.
                   A        B        C        D        E       F      G
               +--------+--------+--------+--------+--------+-----+--------+
         Total |   5937 |   5677 |    260 |   1151 |   2333 |   8 |  742.1 |
       Dungeon |   5589 |   5329 |    260 |   1151 |   2071 |   7 |  798.4 |
        Temple |    347 |    347 |      0 |      0 |    262 |   1 |  347.0 |
               +--------+--------+--------+--------+--------+-----+--------+

Top non-repeatable levels by time:
     D:1: 1360 daAuts
     D:3: 1349 daAuts
     D:2: 1057 daAuts
     D:4: 887 daAuts
     D:5: 798 daAuts
  Temple: 347 daAuts
     D:6: 126 daAuts
     D:7: 10 daAuts
